 Dungeon Crawl Stone Soup version 0.31-a0-836-g3ceb0a68c4 (webtiles) character file.

Game seed: 5704093865214608352

407 Mesmaeker13 the Magician (level 6, -5/32 HPs)
             Began as a Deep Elf Air Elementalist on Sept 26, 2023.
             Killed by nerve-wracking pain
             ... invoked by Grinder
              (10 damage)
             ... on level 4 of the Dungeon.
             The game lasted 00:04:31 (3782 turns).

Mesmaeker13 the Magician (DEAE)                     Turns: 3782, Time: 00:04:32

Health: -5/32      AC:  2    Str:  5    XL:     6   Next: 57%
Magic:  5/15       EV: 14    Int: 22    God:
Gold:   167        SH:  5    Dex: 15    Spells: 9/15 levels left

rFire   . . .        k - +1 flail of Disembowelment {drain, rElec}
rCold   . . .        (no shield)
rNeg    . . .        a - +0 robe
rPois   .            (no helmet)
rElec   +            (no cloak)
rCorr   .            (no gloves)
SInv    .            (no boots)
Will    .....        e - amulet of reflection
Stlth   ++           (no ring)
HPRegen 0.25/turn    (no ring)
MPRegen 0.14/turn

%: reflection
@: very slightly contaminated
A: no striking features
a: no special abilities


You were on level 4 of the Dungeon.
You visited 1 branch of the dungeon, and saw 4 of its levels.

You collected 167 gold pieces.

Inventory:

Hand Weapons
 f - a +0 mace of venom
 k - the +1 flail of Disembowelment (weapon) {drain, rElec}
   (You found it on level 3 of the Dungeon)

   rElec:     It insulates you from electricity.
 n - a +1 dagger of holy wrath
Armour
 a - a +0 robe (worn)
Jewellery
 e - an amulet of reflection (around neck)
Scrolls
 d - 2 scrolls of identify {unknown}
 g - a scroll of enchant weapon {unknown}
 h - 3 scrolls of teleportation {unknown}
 j - a scroll of amnesia {unknown}
 l - a scroll of brand weapon {unknown}
Potions
 b - 2 potions of magic
 c - 2 potions of degeneration {unknown}
 i - a potion of mutation {unknown}
 m - 2 potions of curing {unknown}
 o - a potion of enlightenment {unknown}


   Skills:
 + Level 4.7 Dodging
 - Level 2.4 Stealth
 + Level 5.3 Spellcasting
 + Level 3.7 Conjurations
 + Level 4.5 Air Magic


You had 9 spell levels left.
You knew the following spells:

 Your Spells              Type           Power      Damage    Failure   Level
a - Shock                 Conj/Air       96%        1d9       1%          1
b - Static Discharge      Conj/Air       48%        2-4/arc   2%          2
c - Swiftness             Air            25%        N/A       4%          3

Your spell library contained the following spells:

 Spells                   Type           Power      Damage    Failure   Level
 Freeze                   Ice            20%        1d4       10%         1
 Slow                     Hex            20%        N/A       10%         1
 Hailstorm                Conj/Ice       14%        3d5       14%         3
 Ensorcelled Hibernation  Hex/Ice        10%        N/A       16%         2
 Jinxbite                 Hex            10%        N/A       16%         2
 Airstrike                Air            12%        2d(2-18)  16%         4
 Confusing Touch          Hex            5%         N/A       30%         3
 Frozen Ramparts          Ice            10%        1d2       30%         3
 Sigil of Binding         Hex            5%         N/A       30%         3
 Vampiric Draining        Necr           5%         2d6       30%         3
 Anguish                  Hex/Necr       2%         N/A       69%         4


Dungeon Overview and Level Annotations

Branches:
Dungeon (4/15)
 Temple: D:4-7

Altars:
Cheibriados

Annotations:
D:4 Grinder


Message History

Unknown command.
You aren't carrying any items that you can evoke.
Unknown command.
Casting: Shock (safe; 1% risk of failure)
Confirm with . or Enter, or press ? or * to list all spells.
Aiming: Shock (safe; 1% risk of failure)
Press: ? - help, Shift-Dir - straight line, f/p - Grinder
Aim: Grinder (moderately wounded, 71% to hit)
The zap hits Grinder.
Grinder is heavily wounded.
Unknown command.
Grinder barely misses you.
Casting: Shock (safe; 1% risk of failure)
Confirm with . or Enter, or press ? or * to list all spells.
Grinder is struck by an arc of lightning.
Grinder is heavily wounded.
You resist.
You are struck by an arc of lightning.
Grinder blinks!
Unknown command.
Grinder gestures at you. Pain shoots through your body! Grinder hits you.
You writhe in agony.
* * * LOW HITPOINT WARNING * * *
Casting: Static Discharge (safe; 2% risk of failure)
Confirm with . or Enter, or press ? or * to list all spells.
Grinder is struck by an arc of lightning.
Grinder is severely wounded.
You resist.
You are struck by an arc of lightning.
Grinder says, "Just stop there for a second..."
Grinder hits you.
* * * LOW HITPOINT WARNING * * *
Unknown command.
Casting: Static Discharge (safe; 2% risk of failure)
Confirm with . or Enter, or press ? or * to list all spells.
You miscast Static Discharge.
You are very lightly contaminated with residual magic.
Nothing appears to happen.
Grinder gestures at you. Pain shoots through your body!
You die...
Grinder says, "Now the real fun starts!"

#########..##..###########
# #
..........................
#
..........................
#
..........................
#
#######+##...##...##......
... #...##...##...# ##
...... #.............#...
...... #...5....######...
...... +....@...#........
...... ######...'........
...... #...#........
...... #...#........
...... #...#........
...... #...#.....### .....
#####5....# ..O. .######
###+## ..


You could see Grinder.

Vanquished Creatures
  Menkaure (D:4)
  An ogre (D:4)
  An orc priest (D:3)
  Jessica (D:2)
  An iguana (D:4)
  An orc wizard (D:3)
  An adder (D:4)
  2 dart slugs
  2 worms (D:2)
  3 orcs (D:3)
  6 ball pythons
  5 bats
  4 endoplasms
  2 giant cockroaches
  10 hobgoblins
  8 jackals
  2 quokkas
  2 frilled lizards (D:1)
  13 goblins
  6 kobolds
  5 rats
77 creatures vanquished.

Notes
Turn   | Place    | Note
-------+----------+-------------------------------------------
     0 | D:1      | Mesmaeker13 the Deep Elf Air Elementalist began the quest
                  | for the Orb.
     0 | D:1      | Reached XP level 1. HP: 10/10 MP: 6/6
   258 | D:1      | Reached XP level 2. HP: 15/15 MP: 4/8
  1071 | D:1      | Reached XP level 3. HP: 19/19 MP: 8/10
  1566 | D:2      | Learned a level 2 spell: Static Discharge
  1574 | D:2      | Found a faded altar of an unknown god.
  1626 | D:2      | Noticed Jessica
  1631 | D:2      | Killed Jessica
  1844 | D:2      | Reached XP level 4. HP: 24/24 MP: 6/11
  1956 | D:2      | Reached skill level 4 in Spellcasting
  2322 | D:3      | Identified the +1 flail of Disembowelment {drain, rElec}
  2572 | D:3      | Reached XP level 5. HP: 28/28 MP: 5/13
  3198 | D:3      | Found a snail-covered altar of Cheibriados.
  3331 | D:3      | Learned a level 3 spell: Swiftness
  3404 | D:4      | Noticed an ogre
  3416 | D:4      | Killed an ogre
  3417 | D:4      | Reached XP level 6. HP: 32/32 MP: 3/15
  3506 | D:4      | Reached skill level 5 in Spellcasting
  3651 | D:4      | Noticed Menkaure
  3665 | D:4      | Killed Menkaure
  3753 | D:4      | Noticed Grinder
  3765 | D:4      | Paralysed by Grinder for 4 turns
  3782 | D:4      | Killed from afar by Grinder

Illustrated notes

Levels and vault maps discovered:
D:1:      erik_arrival_cave_to_civilisation [erik_arrival_cave_to_hall],
          layout_basic
D:2:      layout_basic, hellmonk_ecumenical_altar_inner_sanctum, uniq_jessica
D:3:      layout_basic, lemuel_tele_altar, minmay_goblin_outpost
D:4:      layout_gridville, uniq_menkaure, uniq_grinder, uniq_robin

Skill      XL: |  1  2  3  4  5  6 |
---------------+-------------------+-----
Dodging        | 3 4 |  4.7
Conjurations   | 2 3 |  3.7
Spellcasting   | 4 5 |  5.3
Air Magic      | 4 |  4.5
Stealth        | |  2.4

Action                     |  1- 3 |  4- 6 || total
---------------------------+-------+-------++-------
  Melee: Unarmed           |     1 |       ||     1
         Flail             |       |     9 ||     9
   Cast: Shock             |    76 |    78 ||   154
         Static Discharge  |       |     4 ||     4
         Swiftness         |       |     1 ||     1
 Armour: Robe              |     1 |     4 ||     5
  Dodge: Dodged            |     3 |    12 ||    15
  Block: Other             |     2 |     7 ||     9
         Reflection        |       |     2 ||     2

Table legend: (Time is in decaauts)
 A = Elapsed time spent in this place.
 B = Non-inter-level travel time spent in this place.
 C = Inter-level travel time spent in this place.
 D = Time resting spent in this place.
 E = Time spent auto-exploring this place.
 F = Levels seen in this place.
 G = Mean time per level.
                   A        B        C        D        E       F      G
               +--------+--------+--------+--------+--------+-----+--------+
         Total |   3781 |   3619 |    162 |    234 |   2952 |   4 |  945.2 |
       Dungeon |   3781 |   3619 |    162 |    234 |   2952 |   4 |  945.2 |
               +--------+--------+--------+--------+--------+-----+--------+

Top non-repeatable levels by time:
     D:1: 1286 daAuts
     D:3: 1056 daAuts
     D:2: 991 daAuts
     D:4: 447 daAuts
